Map: New Repugnancy LE

Players

Clem

  • Race: Terran Terran
  • Spawn Location: 7:00

Future - Winner!

  • Race: Terran Terran
  • Spawn Location: 1:00

Event: 2019 WCS Summer

VOD

Have the link to the VOD?

Description

Time

  • Played on: July 12, 2019, 1:18 p.m.
  • Length: 11:44

All games in this series

Show
View Real Time Build Order
Export as new Build Order

Clem Terran 

Build Orders:  

Get SALT Encoding   

  12  0:00  SCV  
  13  0:12  SCV  
  14  0:17  Supply Depot  
  14  0:25  SCV  
  14  0:27  Refinery  
  15  0:39  SCV  
  16  0:44  Barracks  
  16  0:51  SCV  
  16  0:55  Refinery  
  17  1:03  SCV  
  18  1:16  SCV  
  19  1:30  Orbital Command  
  19  1:33  Factory  
  19  1:36  Reaper  
  20  1:44  Supply Depot  
  20  1:56  SCV  
  21  2:08  SCV, Reaper  
  23  2:17  Hellion  
  25  2:26  Command Center  
  25  2:34  Starport  
  25  2:37  SCV  
  25  2:43  Hellion  
  28  2:46  Barracks Tech Lab  
  28  2:51  Supply Depot  
  28  2:54  SCV  
  29  3:06  SCV  
  29  3:10  Starport Tech Lab  
  30  3:15  Cyclone  
  33  3:20  Refinery  
  33  3:21  SCV  
  32  3:31  Raven  
  32  3:33  SCV  
  35  3:39  Orbital Command  
  35  3:45  SCV  
  35  3:50  Marine  
  32  3:56  Cyclone  
  32  3:57  SCV  
  34  4:04  SCV  
  34  4:09  Marine, SCV  
  37  4:16  SCV  
  38  4:23  Raven  
  40  4:28  SCV  
  39  4:35  SCV  
  38  4:40  Barracks Reactor, SCV  
  38  4:45  Command Center  
  39  4:47  SCV  
  40  4:53  Siege Tank  
  40  4:54  SCV  
  40  4:59  SCV  
  44  5:06  SCV  
  44  5:07  Supply Depot  
  45  5:11  SCV  
  46  5:18  SCV  
  41  5:24  SCV  
  41  5:25  Siege Tank  
  41  5:27  Viking  
  47  5:29  Viking  
  47  5:32  Marine  
  47  5:34  SCV  
  51  5:36  SCV  
  51  5:40  Stimpack  
  52  5:46  Refinery, SCV  
  52  5:48  SCV  
  54  5:50  Marine  
  55  5:57  Siege Tank  
  55  5:58  SCV  
  55  6:00  SCV  
  60  6:04  Orbital Command  
  60  6:05  Viking  
  60  6:10  Marine, SCV  
  64  6:12  Viking  
  64  6:14  SCV  
  67  6:21  Supply Depot  
  67  6:22  SCV  
  68  6:26  SCV  
  68  6:28  Marine  
  68  6:29  Siege Tank  
  74  6:34  Orbital Command, SCV  
  74  6:38  SCV  
  74  6:39  Viking  
  76  6:42  Viking  
  76  6:45  Supply Depot  
  76  6:46  SCV  
  79  6:48  Marine  
  79  6:54  SCV  
  79  6:55  Engineering Bay  
  79  6:56  Engineering Bay  
  79  7:00  SCV x2  
  82  7:01  Siege Tank  
  82  7:06  Marine  
  84  7:11  Supply Depot  
  84  7:14  Viking x2  
  88  7:17  SCV x2  
  88  7:18  SCV  
  88  7:20  Supply Depot  
  88  7:22  Terran Infantry Weapons Level 1, Terran Infantry Armor Level 1  
  91  7:24  Marine  
  91  7:29  SCV  
  93  7:33  SCV x2  
  93  7:35  Siege Tank, Liberator  
  98  7:41  SCV  
  98  7:42  Barracks x2  
  98  7:43  Supply Depot  
  98  7:45  SCV  
  98  7:49  Marine  
  100  7:56  SCV  
  100  7:57  SCV, Supply Depot  
  105  7:59  Combat Shield  
  105  8:02  SCV  
  106  8:07  Marine  
  106  8:09  SCV  
  106  8:12  Siege Tank  
  108  8:18  Refinery x2  
  108  8:19  SCV x2  
  110  8:20  Supply Depot  
  110  8:21  SCV  
  110  8:23  Viking  
  110  8:24  Marine  
  114  8:29  Marine  
  114  8:31  SCV  
  114  8:32  Marine  
  114  8:33  SCV  
  114  8:37  Viking  
  116  8:42  Marine  
  116  8:43  Barracks  
  116  8:44  Barracks  
  116  8:47  Marine  
  118  8:49  SCV, Supply Depot  
  118  8:50  Marine, Supply Depot  
  118  8:52  Siege Tank  
  123  9:01  Marine  
  123  9:02  SCV  
  125  9:10  Factory  
  125  9:11  Viking, Armory  
  121  9:17  SCV  
  121  9:22  Barracks Reactor  
  92  9:27  SCV x2  
  92  9:28  Barracks Reactor  
  94  9:32  Siege Tank  
  94  9:34  Medivac  
  94  9:35  Barracks Reactor, SCV  
  94  9:36  Barracks Reactor  
  98  9:39  SCV  
  98  9:40  Command Center  
  98  9:42  Marine  
  100  9:48  Medivac  
  100  9:49  Missile Turret  
  100  9:51  Missile Turret  
  102  9:54  Barracks  
  102  9:58  Barracks, Factory Tech Lab  
  102  10:00  Marine  
  102  10:01  Marine  
  102  10:03  Marine  
  102  10:04  Siege Tank  
  107  10:08  SCV x2  
  107  10:10  Marine  
  107  10:13  Marine x2  
  109  10:15  Marine x3  
  109  10:17  Factory  
  109  10:18  Marine  
  109  10:19  Marine  
  114  10:21  Marine  
  114  10:25  Supply Depot  
  115  10:28  Marine  
  115  10:29  Viking x2  
  115  10:31  Marine x2  
  115  10:33  Marine x2  
  124  10:36  Siege Tank  
  124  10:37  Supply Depot x2  
  102  10:58  Marine x2  
  102  10:59  Marine x6  
  102  11:00  Marine, Medivac x2  
  107  11:14  Hellion  
  107  11:16  Marine x2  
  107  11:17  Marine x2  
  116  11:23  Marine x2  
  116  11:24  Marine  
  116  11:25  Marine x2  
Show
View Real Time Build Order
Export as new Build Order

Future Terran - Winner!

Build Orders: 1/1/1, Liberator Opening 

Get SALT Encoding   

  12  0:00  SCV  
  13  0:12  SCV  
  14  0:17  Supply Depot  
  14  0:25  SCV  
  15  0:29  Refinery  
  15  0:39  SCV  
  16  0:44  Barracks  
  16  0:51  SCV  
  17  0:57  Refinery  
  17  1:03  SCV  
  18  1:15  SCV  
  19  1:33  Orbital Command, Factory  
  19  1:35  Reaper  
  20  1:45  Supply Depot  
  20  1:58  SCV  
  21  2:07  Reaper  
  22  2:10  SCV  
  23  2:17  Hellion  
  23  2:18  Starport  
  23  2:22  SCV  
  26  2:29  Supply Depot  
  26  2:34  SCV  
  27  2:39  Hellion, Reaper  
  27  2:40  Liberator  
  33  3:01  Hellion  
  35  3:10  Command Center  
  35  3:13  Barracks Tech Lab  
  35  3:21  Supply Depot  
  35  3:23  SCV  
  36  3:35  SCV  
  37  3:42  Starport Tech Lab, Cyclone  
  37  3:47  SCV  
  40  3:55  Barracks Reactor  
  40  3:59  SCV  
  37  4:03  Raven, Refinery  
  39  4:11  SCV  
  39  4:23  SCV  
  39  4:24  Orbital Command  
  38  4:27  Cyclone  
  41  4:35  SCV  
  39  4:39  Command Center  
  39  4:44  Marine  
  39  4:45  Refinery  
  40  4:46  Marine  
  40  4:49  SCV x2  
  43  4:55  Raven  
  44  5:01  SCV x2  
  44  5:05  Siege Tank  
  44  5:06  Marine  
  50  5:10  Marine  
  50  5:13  SCV  
  50  5:14  SCV  
  53  5:23  Supply Depot  
  53  5:24  Marine  
  53  5:25  SCV  
  53  5:26  SCV  
  53  5:27  Marine  
  57  5:38  Siege Tank, SCV x2  
  62  5:44  Raven, Marine  
  62  5:45  Marine  
  66  5:50  SCV x2  
  66  5:52  Orbital Command  
  68  6:02  Marine, SCV x2  
  68  6:03  Marine  
  72  6:10  Siege Tank  
  75  6:13  Supply Depot  
  75  6:14  SCV x2  
  77  6:25  Orbital Command  
  77  6:26  SCV x2  
  77  6:30  Barracks  
  79  6:34  Viking x2  
  79  6:36  Barracks  
  79  6:38  SCV x2  
  85  6:40  Stimpack, Marine  
  86  6:47  Siege Tank  
  86  6:48  Supply Depot  
  86  6:50  SCV x2  
  91  6:58  SCV  
  92  7:02  SCV, Supply Depot  
  92  7:06  SCV  
  93  7:10  Viking x2, SCV  
  93  7:11  Marine  
  93  7:14  SCV  
  100  7:18  SCV  
  100  7:19  Barracks Reactor  
  100  7:21  Engineering Bay x2  
  101  7:23  Siege Tank, Barracks Reactor  
  101  7:25  SCV  
  101  7:26  SCV  
  106  7:37  Marine  
  96  7:39  Refinery  
  96  7:40  Viking x2  
  96  7:41  Refinery  
  96  7:42  Barracks  
  101  7:45  Barracks  
  101  7:47  Terran Infantry Weapons Level 1, Terran Infantry Armor Level 1  
  101  7:49  SCV x2  
  103  7:58  Marine x3  
  103  7:59  Marine x2  
  103  8:03  SCV  
  111  8:05  Siege Tank  
  96  8:13  Viking  
  96  8:14  Viking  
  96  8:16  Marine x3  
  96  8:17  Marine x2  
  96  8:18  SCV  
  96  8:19  SCV x2  
  103  8:29  Marine  
  103  8:34  Marine x5  
  97  8:35  Marine, Armory  
  97  8:37  Siege Tank  
  97  8:40  Orbital Command  
  103  8:47  Marine  
  103  8:52  Marine x5  
  103  8:54  Medivac x2  
  103  8:55  Marine  
  108  8:59  Supply Depot  
  108  9:01  Supply Depot  
  108  9:05  Marine  
  109  9:11  Orbital Command  
  101  9:17  Marine x2  
  101  9:18  Marine x4  
  101  9:19  Siege Tank  
  101  9:23  SCV  
  98  9:25  SCV  
  98  9:31  Combat Shield, Medivac x2  
  103  9:35  Marine x2, SCV  
  103  9:38  Barracks Reactor x2  
  105  9:52  Refinery  
  105  9:54  Siege Tank  
  105  9:56  Marine x2  
  105  9:58  Marine x2  
  112  10:00  Marine  
  112  10:05  Medivac  
  113  10:13  Marine  
  113  10:14  Marine  
  114  10:15  Marine  
  114  10:16  Supply Depot  
  114  10:17  Marine, Supply Depot  
  114  10:18  Supply Depot  
  114  10:26  Siege Tank  
  117  10:36  Command Center  
  117  10:38  Marine, SCV x2, Medivac  
  117  10:39  Marine x4  
  125  10:44  Marine  
  125  10:48  Supply Depot  
  126  10:53  Marine  
  126  10:54  Marine x2  
  126  10:56  Marine x3  
  125  10:59  Marine  
  125  11:00  Marine  
  125  11:02  Siege Tank, Marine  
  127  11:09  SCV, Supply Depot  
  128  11:11  SCV, Supply Depot  
  128  11:16  Marine  
  128  11:17  Marine  
  131  11:19  Marine  
  131  11:20  Marine  
Tags
 
Add a new tag
Caveats
  • Supply blocks, unpowered buildings, or Contaminate may cause inaccurate times.
  • Supply counts are checked every 10 seconds.